 Dungeon Crawl Stone Soup version 0.30-a0-591-g3c58d2bc28 (webtiles) character file.

Game seed: 12237855754737033992

9702 bpung the Blocker (level 11, 0/73 HPs)
             Began as a Gargoyle Fighter on Jan 5, 2023.
             Was a Priest of the Shining One.
             Killed by divine providence
             ... invoked by an orc priest
              (10 damage)
             ... on level 11 of the Dungeon.
             The game lasted 00:21:22 (9274 turns).

bpung the Blocker (Gargoyle Fighter)                Turns: 9274, Time: 00:21:23

Health: 0/73       AC: 34    Str: 32    XL:     11   Next: 50%
Magic:  11/11      EV: 14    Int: 12    God:    the Shining One [***...]
Gold:   323        SH: 14    Dex: 11    Spells: 10/10 levels left

rFire   . . .      SeeInvis .    a - +0 flail (heavy)
rCold   + . .      Faith    .    e - +3 buckler {rC+}
rNeg    + + .      Spirit   .    m - +0 chain mail
rPois   ∞          Reflect  +    d - +2 helmet {Int+3}
rElec   +          Harm     .    j - +1 cloak
rCorr   +          Rampage  .    E - +1 pair of gloves of Xiaxizat {Str+4 Stlth+}
Will    .....      Rage     3%   A - +1 pair of boots of Guip {rCorr Str+4 Dex+2} Stlth
                                 C - amulet of reflection
HPRegen 0.32/turn                r - +5 ring of evasion
MPRegen 0.12/turn                o - +4 ring of protection

@: glowing
A: sickness immunity, AC +8, negative energy resistance 1, electricity
resistance, torment resistance 1, petrification resistance, hooves 1, berserk 1,
evolution 1, MP-powered wands, noise suppression
a: Renounce Religion, Divine Shield, Cleansing Flame


You were on level 11 of the Dungeon.
You worshipped the Shining One.
The Shining One was most pleased with you.
You visited 2 branches of the dungeon, and saw 12 of its levels.
You also visited: Sewer.

You collected 541 gold pieces.
You spent 218 gold pieces at shops.

Inventory:

Hand Weapons
 a - a +0 heavy flail (weapon)
Missiles
 k - 20 poisoned darts (quivered)
Armour
 d - a +2 helmet of intelligence (worn)
 e - a +3 buckler of cold resistance (worn)
 j - a +1 cloak (worn)
 m - a +0 chain mail (worn)
 A - the +1 pair of boots of Guip (worn) {rCorr Str+4 Dex+2}
   (You bought it in a shop on level 3 of the Dungeon)

   Str:       It affects your strength (+4).
   Dex:       It affects your dexterity (+2).
   rCorr:     It protects you from acid and corrosion.
 E - the +1 pair of gloves of Xiaxizat (worn) {Str+4 Stlth+}
   (You acquired it on level 10 of the Dungeon)

   Str:       It affects your strength (+4).
   Stlth:     It makes you more stealthy.
Jewellery
 o - a +4 ring of protection (right hand)
 r - a +5 ring of evasion (left hand)
 t - a ring of protection from cold
 x - a ring of protection from cold
 C - an amulet of reflection (around neck)
Wands
 h - a wand of flame (15)
 n - a wand of roots (15)
 q - a wand of mindburst (15)
 w - a wand of polymorph (2)
Scrolls
 f - a scroll of blinking
 g - 13 scrolls of identify
 l - 3 scrolls of teleportation
 y - a scroll of fog
 D - 4 scrolls of fear
Potions
 b - 4 potions of brilliance
 c - 5 potions of ambrosia
 i - 3 potions of flight
 p - a potion of berserk rage
 s - 4 potions of might
 u - 3 potions of curing
 v - a potion of cancellation
 z - 2 potions of mutation
 B - a potion of resistance


   Skills:
 + Level 10.3 Fighting
 + Level 9.2 Maces & Flails
 + Level 10.3 Armour
 + Level 10.3 Shields


You had 10 spell levels left.
You didn't know any spells.
Your spell library contained the following spells:

 Spells                   Type           Power      Damage    Failure   Level
 Shock                    Conj/Air       0%         1d3       82%         1
 Ensorcelled Hibernation  Hex/Ice        0%         N/A       91%         2
 Spider Form              Tmut/Pois      0%         N/A       99%         3
 Swiftness                Air            0%         N/A       99%         3
 Airstrike                Air            0%         2d(0-16)  100%        4
 Anguish                  Hex/Necr       0%         N/A       100%        4
 Petrify                  Tmut/Erth      0%         N/A       100%        4
 Metabolic Englaciation   Hex/Ice        0%         N/A       100%        5
 Statue Form              Tmut/Erth      Unusable   N/A       N/A         6

Dungeon Overview and Level Annotations

Branches:
Dungeon (11/15)            Temple (1/1) D:5            Lair (0/5) D:8
    Orc (0/2) D:9           Sewer (visited)

Altars:
Ashenzari
Cheibriados
Dithmenos
Elyvilon
Fedhas
Gozag
Hepliaklqana
Kikubaaqudgha
Makhleb
Nemelex Xobeh
Okawaru
Qazlal
Ru
Sif Muna
Trog
Uskayaw
Vehumet
Wu Jian
Xom
Yredelemnul
Zin
The Shining One

Shops:
D:3 [


Innate Abilities, Weirdness & Mutations

You are immune to sickness and miasma.
Your stone body is resilient. (AC +8)
You are immune to poison.
You resist negative energy. (rN+)
You are resistant to electric shocks. (rElec)
You are resistant to unholy torment.
You are immune to petrification.
You have large cloven feet.
You sometimes lose your temper in combat.
You have hidden genetic potential.
You expend magic power (3 MP) to strengthen your wands.
You passively dampen the noise of your surroundings.


Message History

You sock the orc warrior!
The orc warrior is moderately wounded.
The orc warrior barely misses you. You block the orc warrior's attack.
You sock the orc warrior!
The orc warrior is severely wounded.
You block the orc warrior's attack. x2
The orc priest looks encouraged for a moment.
The orc warrior hits you with a +0 flail.
The orc warrior hits you but does no damage.
You barely miss the orc warrior.
The orc warrior is severely wounded.
The orc warrior misses you. You block the orc warrior's attack.
You bludgeon the orc warrior!!
You kill the orc warrior!
You are no longer corroded.
The orc no longer looks unusually strong.
You block the orc warrior's attack.
The orc priest calls down the wrath of Beogh upon you.
Beogh smites you!
There is an open door, spattered with blood here.
Items here: )))) [[ †††.
You bludgeon the orc warrior!!
The orc warrior is severely wounded.
The orc warrior closely misses you. You block the orc warrior's attack.
You pound the orc warrior like an anvil!!!
You kill the orc warrior!
The orc priest calls down the wrath of Beogh upon you.
Beogh smites you!
* * * LOW HITPOINT WARNING * * *
The orc priest begins to cast a cantrip, but forgets the words!
You barely miss the orc. You block the orc's attack.
You hit the orc.
The orc is lightly wounded.
The orc priest invokes the aid of Beogh against you.
Beogh smites you!
* * * LOW HITPOINT WARNING * * *
The orc closely misses you. You block the orc's attack.
The orc priest mumbles some strange prayers to Beogh against you.
Beogh smites you!
You die...

'####### #######'#####
.......# #.>.........#
.......'..#...........#
.......##.'...........#
.......# ##...........#
.......# #...........#
.......# #...........#
.......# #....)......#
.......# ######@######
######## #o# # #o# #


ooo # .oooo ### .oOoo.. ..### #.......# #...#########....)..#
#.#.........'.......# You could see an ogre, 3 orc priests and 8 orcs.

Vanquished Creatures
  An orc knight (D:11)
  A manticore (D:11)
  Maggie (D:6)
  An unseen horror (D:11)
  2 komodo dragons
  2 trolls
  2 shadows
  13 yaks
  A wraith (D:11)
  A steam dragon (D:9)
  3 acid dragons
  3 water moccasins
  Duvessa (D:7)
  2 ice beasts
  7 orc warriors
  2 ogres
  4 centaurs
  A phantom (D:6)
  2 kobold brigands
  2 bullfrogs (D:9)
  5 scorpions
  11 wights
  Dowan (D:7)
  10 killer bees
  5 howler monkeys
  9 electric eels
  A jelly (D:7)
  2 orc priests
  2 gnoll boudas (D:5)
  5 hounds
  Jessica (D:2)
  An iguana (D:5)
  Ijyb (D:5)
  Terence (D:2)
  Robin (D:3)
  6 gnolls (D:5)
  5 adders
  3 river rats
  2 white imps
  2 ufetubi (D:6)
  2 worms
  A dart slug (D:1)
  20 orcs
  5 endoplasms
  4 giant cockroaches
  11 goblins
  9 hobgoblins
  8 kobolds
  4 quokkas
  9 ball pythons
  5 bats
  3 frilled lizards
  6 rats
213 creatures vanquished.

Vanquished Creatures (collateral kills)
  2 orcs (D:8)
2 creatures vanquished.

Vanquished Creatures (others)
  A goblin (D:3)
  7 fungi (D:8)
  27 plants
35 creatures vanquished.

Grand Total: 250 creatures vanquished

Notes
Turn   | Place    | Note
-------+----------+-------------------------------------------
     0 | D:1      | bpung the Gargoyle Fighter began the quest for the Orb.
     0 | D:1      | Reached XP level 1. HP: 14/14 MP: 1/1
   147 | D:1      | Reached XP level 2. HP: 19/19 MP: 2/2
   284 | D:1      | Identified a scroll of acquirement
   284 | D:1      | Acquired a +1 buckler of cold resistance
   529 | D:1      | Reached XP level 3. HP: 23/23 MP: 3/3
   843 | D:2      | Noticed Terence
   852 | D:2      | Killed Terence
  1015 | D:2      | Noticed Jessica
  1022 | D:2      | Killed Jessica
  1023 | D:2      | Reached XP level 4. HP: 27/29 MP: 4/4
  1675 | D:3      | Found Jotar's Antique Armour Shop.
  1809 | D:3      | Noticed Robin
  1836 | D:3      | Killed Robin
  1837 | D:3      | Reached XP level 5. HP: 11/33 MP: 5/5
  2730 | D:4      | Reached XP level 6. HP: 39/39 MP: 6/6
  2959 | D:4      | Identified the +4 hand axe "Caonomuo" {drain, rC+ Dex-5
                  | Stlth+}
  3017 | D:4      | Found a shimmering blue altar of Sif Muna.
  3381 | D:5      | Entered Level 5 of the Dungeon
  3405 | D:5      | Reached skill level 5 in Fighting
  3405 | D:5      | Reached skill level 5 in Armour
  3405 | D:5      | Reached skill level 5 in Shields
  3429 | D:5      | Reached XP level 7. HP: 38/44 MP: 7/7
  3497 | D:5      | Found a staircase to the Ecumenical Temple.
  3667 | Temple   | Entered the Ecumenical Temple
  3774 | Temple   | Became a worshipper of the Shining One
  3992 | D:5      | Noticed Ijyb
  4004 | D:5      | Killed Ijyb
  4142 | D:5      | Found a burning altar of Makhleb.
  4369 | D:6      | Reached XP level 8. HP: 51/51 MP: 8/8
  4536 | D:6      | Reached skill level 5 in Maces & Flails
  4641 | D:6      | Noticed Maggie
  4647 | D:6      | Killed Maggie
  4719 | D:6      | Found a glowing drain.
  4735 | Sewer    | Entered a sewer
  5129 | D:7      | Found a blossoming altar of Fedhas.
  5131 | D:7      | Found a shimmering altar of Xom.
  5170 | D:7      | Reached * piety under the Shining One
  5177 | D:7      | Reached XP level 9. HP: 56/56 MP: 9/9
  5425 | D:7      | Found a shadowy altar of Dithmenos.
  5437 | D:7      | Noticed Duvessa
  5437 | D:7      | Noticed Dowan
  5448 | D:7      | Killed Dowan
  5453 | D:7      | Killed Duvessa
  5465 | D:7      | Gained mutation: You have a pair of small antennae on your
                  | head. [potion of mutation]
  5465 | D:7      | Gained mutation: You expend magic power (3 MP) to
                  | strengthen your wands. [potion of mutation]
  5469 | D:7      | Lost mutation: You expend magic power (3 MP) to strengthen
                  | your wands. [potion of mutation]
  5469 | D:7      | Lost mutation: You have a pair of small antennae on your
                  | head. [potion of mutation]
  5469 | D:7      | Gained mutation: You passively dampen the noise of your
                  | surroundings. [potion of mutation]
  5469 | D:7      | Gained mutation: You sometimes lose your temper in combat.
                  | [potion of mutation]
  5469 | D:7      | Gained mutation: You expend magic power (3 MP) to
                  | strengthen your wands. [potion of mutation]
  5469 | D:7      | Gained mutation: You have hidden genetic potential. [potion
                  | of mutation]
  6144 | D:8      | Noticed a komodo dragon
  6161 | D:8      | Killed a komodo dragon
  6328 | D:8      | Found a staircase to the Lair.
  6441 | D:3      | Bought a pair of dazzling boots for 218 gold pieces
  6441 | D:3      | Identified the +1 pair of boots of Guip {rCorr Str+4 Dex+2}
                  | (You bought it in a shop on level 3 of the Dungeon)
  6632 | D:8      | Reached XP level 10. HP: 64/64 MP: 10/10
  6987 | D:9      | Found a staircase to the Orcish Mines.
  6993 | D:9      | Gained mutation: You have great hidden genetic potential.
                  | [hidden potential]
  7757 | D:9      | Found a bloodstained altar of Trog.
  7810 | D:10     | Entered Level 10 of the Dungeon
  7835 | D:10     | Reached ** piety under the Shining One
  8290 | D:10     | Acquired the +1 pair of gloves of Xiaxizat {Str+4 Stlth+}
  8443 | D:10     | Reached XP level 11. HP: 71/71 MP: 11/11
  8880 | D:11     | Gained mutation: You have large cloven feet. [hidden
                  | potential]
  8880 | D:11     | Lost mutation: You have great hidden genetic potential.
                  | [hidden potential expressed]
  9102 | D:11     | Reached skill level 10 in Fighting
  9102 | D:11     | Reached skill level 10 in Armour
  9102 | D:11     | Reached skill level 10 in Shields
  9123 | D:11     | Noticed a manticore
  9130 | D:11     | Killed a manticore
  9244 | D:11     | Noticed an orc knight
  9248 | D:11     | Reached *** piety under the Shining One
  9259 | D:11     | Killed an orc knight
  9274 | D:11     | Killed from afar by an orc priest

Illustrated notes

Levels and vault maps discovered:
D:1:      spicycebolla_arrival_risky_transporter, layout_basic
D:2:      layout_basic, chequers_mini_garden, uniq_jessica, uniq_terence
D:3:      layout_basic, serial_shops, nicolae_shop_hallway_stairs,
          serial_bayou_pond_e, chequers_big_river, uniq_robin
D:4:      layout_cave_pods, tgw_sif, minivault_26, kennysheep_pointless_box,
          amcnicky_mini_corridor_feature
D:5:      layout_loops_ring, bloody_makhleb, minmay_temple_entry_tees,
          minmay_misc_feat_encased, uniq_ijyb
D:6:      layout_rooms, portal_sewer_entry_b, uniq_maggie
D:7:      layout_loops_corners, kennysheep_little_box,
          grunt_temple_overflow_open, eino_tiny_chamber, corner_web_ring,
          dk_noncrumbling_4, patterned_corridor, uniq_duvessa
D:8:      minmay_clustersquares, layout_loops_cross,
          grunt_lair_entry_orc_guard_hut
D:9:      layout_roguey, lightli_temple_of_fire, orc_0_dummy, serial_bayou,
          serial_bayou_shore_b, serial_bayou_pond_e, serial_bayou_crossing,
          serial_bayou_lake_a
D:10:     layout_basic
D:11:     layout_roguey [special_room_orc]
Temple:   kb_temple_of_zot

Skill      XL: |  1  2  3  4  5  6  7  8  9 10 11 |
---------------+----------------------------------+-----
Armour         | 4 5 6 8 9 10 | 10.3
Shields        | 4 5 7 8 9 10 | 10.3
Fighting       | 4 5 6 8 9 10 | 10.3
Maces & Flails | 3 4 5 7 8 9 |  9.2

Action                   |  1- 3 |  4- 6 |  7- 9 | 10-12 || total
-------------------------+-------+-------+-------+-------++-------
Melee: Flail             |    59 |   157 |   213 |   198 ||   627
  Use: Scroll            |     5 |     6 |     3 |     2 ||    16
       Potion            |     4 |     3 |     6 |     1 ||    14
Armor: Scale mail        |    21 |       |       |       ||    21
       Chain mail        |    10 |   155 |   138 |   140 ||   443
Dodge: Dodged            |    31 |    71 |   142 |   148 ||   392
Block: Buckler           |    15 |    94 |   130 |   213 ||   452
       Reflection        |       |       |       |     2 ||     2

Table legend: (Time is in decaauts)
 A = Elapsed time spent in this place.
 B = Non-inter-level travel time spent in this place.
 C = Inter-level travel time spent in this place.
 D = Time resting spent in this place.
 E = Time spent auto-exploring this place.
 F = Levels seen in this place.
 G = Mean time per level.
                   A        B        C        D        E       F      G
               +--------+--------+--------+--------+--------+-----+--------+
         Total |   9900 |   9390 |    510 |    479 |   6046 |  13 |  761.5 |
       Dungeon |   9412 |   8919 |    493 |    479 |   5838 |  11 |  855.6 |
        Temple |    124 |    107 |     17 |      0 |      7 |   1 |  124.0 |
         Sewer |    363 |    363 |      0 |      0 |    200 |   1 |  363.0 |
               +--------+--------+--------+--------+--------+-----+--------+

Top non-repeatable levels by time:
     D:7: 1148 daAuts
    D:10: 1126 daAuts
     D:3: 1117 daAuts
     D:4: 998 daAuts
     D:5: 960 daAuts
     D:9: 933 daAuts
     D:1: 797 daAuts
     D:2: 664 daAuts
     D:8: 660 daAuts
     D:6: 528 daAuts
    D:11: 476 daAuts
   Sewer: 363 daAuts
  Temple: 124 daAuts
